General information
- name: BNet
- type: Ladder team game (AT/RT)
- host: Battle.net
- saver: MAK28
map: Deadlock
- players: 8
- length: 36:05
- speed: Fast
- version: 1.26 W3XP
- replay type: Public
» download(142 KB)
Players
team 1 (loser)
mtldemolition (
yellow | 28 APM | 983 actions | 35:44)
2 Blademaster
1 Wind Walk
1 Mirror Image
1 Demon Hunter
1 Evasion
2 Shadow Hunter
1 Healing Wave
1 Serpent Ward
1 Tauren Chieftain
1 Endurance Aura
1 Blood Mage
1 Siphon Mana
» actions
| Basic commands | 4 | |
| Build / train | 116 | |
| Enter build submenu | 61 | |
| Enter hero's abilities submenu | 7 | |
| Remove unit from queue | 4 | |
| Right click | 302 | |
| Select / deselect | 390 | |
| Use ability | 99 | |
983 total
» units
| Peon | 6 | |
| Peasant | 4 | |
| Wisp | 15 | |
| Grunt | 4 | |
| Archer | 16 | |
| Footman | 4 | |
| Huntress | 9 | |
| Gryphon Rider | 14 | |
| Knight | 7 | |
| Shaman | 2 | |
81 total
» upgrades
| Lumber Harvesting | 1 | |
| Shaman Training | 2 | |
| Swords | 1 | |
| Armor | 2 | |
| Storm Hammers | 1 | |
| Reinforced Defenses | 1 | |
8 total
» buildings
| Farm | 11 | |
| Altar of Kings | 1 | |
| Orc Burrow | 4 | |
| Altar of Storms | 1 | |
| Barracks | 2 | |
| Moon Well | 8 | |
| Altar of Elders | 2 | |
| Ancient of War | 2 | |
| War Mill | 1 | |
| Hunter's Hall | 1 | |
| Watch Tower | 9 | |
| Lumber Mill | 1 | |
| Ancient Protector | 4 | |
| Keep | 1 | |
| Stronghold | 1 | |
| Blacksmith | 1 | |
| Voodoo Lounge | 1 | |
| Castle | 1 | |
| Gryphon Aviary | 2 | |
| Fortress | 1 | |
| Guard Tower | 4 | |
| Spirit Lodge | 2 | |
| Great Hall | 1 | |
| Town Hall | 1 | |
| Tree of Life | 1 | |
64 total
» build order
00:14 Farm
00:18 Altar of Kings
00:24 Orc Burrow
00:29 Altar of Storms
00:35 Barracks
00:49 Moon Well
00:53 Altar of Elders
01:18 Ancient of War
01:37 War Mill
01:48 Orc Burrow
02:06 Moon Well
02:23 Barracks
03:03 Hunter's Hall
03:08 Watch Tower
03:12 Watch Tower
03:30 Moon Well
03:38 Farm
03:43 Lumber Mill
03:57 Watch Tower
04:20 Ancient Protector
04:44 Keep
04:58 Ancient Protector
05:10 Watch Tower
05:12 Stronghold
05:27 Moon Well
05:55 Orc Burrow
06:04 Farm
06:21 Watch Tower
06:27 Watch Tower
06:35 Moon Well
06:51 Blacksmith
06:58 Voodoo Lounge
07:03 Watch Tower
07:10 Castle
07:14 Gryphon Aviary
07:37 Watch Tower
08:24 Gryphon Aviary
08:58 Ancient Protector
09:01 Ancient Protector
09:26 Farm
10:05 Fortress
10:30 Farm
11:21 Guard Tower
11:23 Guard Tower
11:24 Guard Tower
11:31 Spirit Lodge
12:04 Farm
12:07 Farm
12:28 Guard Tower
12:37 Spirit Lodge
13:39 Farm
13:50 Watch Tower
14:20 Orc Burrow
14:40 Farm
15:46 Great Hall
17:24 Farm
19:09 Farm
19:54 Town Hall
24:08 Tree of Life
24:59 Moon Well
26:49 Altar of Elders
27:54 Moon Well
28:02 Moon Well
28:36 Ancient of War
» items
| Scroll of Speed | 2 | |
| Potion of Healing | 1 | |
| Orb of Lightning | 1 | |
4 total
MAK28 (
blue | 55 APM | 2001 actions | 36:05)
8 Blood Mage
1 Banish
3 Flame Strike
3 Siphon Mana
1 Summon Phoenix
1 Demon Hunter
1 Immolation
» actions
| Assign group hotkey | 85 | |
| Basic commands | 112 | |
| Build / train | 117 | |
| Enter build submenu | 42 | |
| Enter hero's abilities submenu | 9 | |
| Give item / drop item | 7 | |
| Remove unit from queue | 10 | |
| Right click | 764 | |
| Select / deselect | 420 | |
| Select group hotkey | 336 | |
| Use ability | 99 | |
2001 total
» units
| Peasant | 17 | |
| Footman | 9 | |
| Razormane Medicine Man | 1 | |
| Centaur Outrunner | 1 | |
| Harpy Rogue | 1 | |
| Gryphon Rider | 16 | |
45 total
» upgrades
| Masonry | 3 | |
| Swords | 3 | |
| Animal War Training | 1 | |
| Storm Hammers | 1 | |
| Lumber Harvesting | 2 | |
| Armor | 3 | |
| Backpack | 1 | |
| Plating | 2 | |
16 total
» buildings
| Altar of Kings | 2 | |
| Barracks | 1 | |
| Farm | 14 | |
| Scout Tower | 28 | |
| Arcane Tower | 11 | |
| Lumber Mill | 2 | |
| Keep | 2 | |
| Blacksmith | 1 | |
| Town Hall | 2 | |
| Castle | 1 | |
| Gryphon Aviary | 2 | |
| Arcane Vault | 1 | |
| Guard Tower | 20 | |
87 total
» build order
00:04 Altar of Kings
00:14 Barracks
00:19 Farm
00:57 Altar of Kings
01:02 Scout Tower
01:31 Arcane Tower
01:31 Arcane Tower
01:32 Arcane Tower
01:32 Arcane Tower
01:59 Farm
02:02 Lumber Mill
02:24 Farm
03:43 Scout Tower
04:08 Keep
04:13 Arcane Tower
04:13 Arcane Tower
05:42 Farm
05:45 Farm
06:09 Blacksmith
06:32 Town Hall
06:35 Castle
06:40 Gryphon Aviary
08:21 Gryphon Aviary
09:23 Arcane Vault
10:44 Scout Tower
10:47 Scout Tower
10:48 Scout Tower
10:57 Scout Tower
10:59 Scout Tower
11:15 Scout Tower
11:17 Scout Tower
11:18 Scout Tower
11:21 Scout Tower
11:24 Guard Tower
11:28 Guard Tower
11:57 Farm
12:04 Farm
12:15 Farm
12:42 Guard Tower
12:43 Guard Tower
13:59 Guard Tower
14:20 Farm
15:03 Guard Tower
16:11 Farm
17:02 Farm
17:05 Farm
17:58 Farm
17:59 Farm
18:13 Scout Tower
18:15 Scout Tower
18:17 Scout Tower
20:20 Guard Tower
20:20 Guard Tower
23:17 Town Hall
24:09 Scout Tower
24:09 Scout Tower
24:10 Scout Tower
24:11 Scout Tower
24:12 Scout Tower
24:13 Scout Tower
24:14 Scout Tower
24:14 Scout Tower
24:16 Scout Tower
24:17 Scout Tower
26:54 Guard Tower
26:54 Guard Tower
27:36 Guard Tower
29:02 Lumber Mill
29:27 Guard Tower
29:27 Guard Tower
29:27 Guard Tower
29:27 Guard Tower
30:44 Keep
32:48 Scout Tower
32:49 Scout Tower
32:51 Scout Tower
32:51 Scout Tower
33:28 Arcane Tower
34:07 Arcane Tower
34:10 Arcane Tower
34:36 Arcane Tower
» items
| Scroll of Regeneration | 1 | |
| Scroll of Town Portal | 1 | |
| Orb of Fire | 1 | |
| Boots of Speed | 1 | |
| Staff of Teleportation | 1 | |
5 total
team 2 (winner)
NECROBLASTER666 (
green | 30 APM | 496 actions | 16:27)
3 Death Knight
2 Death Coil
1 Unholy Aura
1 Crypt Lord
1 Impale
» actions
| Build / train | 39 | |
| Enter build submenu | 10 | |
| Enter hero's abilities submenu | 4 | |
| Remove unit from queue | 1 | |
| Right click | 278 | |
| Select / deselect | 139 | |
| Use ability | 25 | |
496 total
» units
| Acolyte | 2 | |
| Ghoul | 7 | |
| Crypt Fiend | 10 | |
19 total
» upgrades
| Creature Attack | 2 | |
| Creature Carapace | 2 | |
| Web | 1 | |
5 total
» buildings
| Ziggurat | 7 | |
| Altar of Darkness | 1 | |
| Crypt | 1 | |
| Graveyard | 1 | |
| Spirit Tower | 4 | |
| Halls of the Dead | 1 | |
| Black Citadel | 1 | |
16 total
» build order
00:08 Ziggurat
00:10 Altar of Darkness
00:33 Crypt
00:58 Graveyard
01:20 Ziggurat
02:19 Ziggurat
03:13 Spirit Tower
03:39 Ziggurat
04:32 Spirit Tower
05:30 Ziggurat
06:16 Halls of the Dead
06:40 Spirit Tower
13:05 Black Citadel
13:09 Ziggurat
14:06 Spirit Tower
14:08 Ziggurat
» items
| Potion of Healing | 1 | |
| Potion of Mana | 1 | |
2 total
SKYRIMOWNSOBLIV (
pink | 46 APM | 1673 actions | 36:05)
9 Paladin
3 Holy Light
3 Divine Shield
1 Resurrection
2 Devotion Aura
2 Crypt Lord
1 Spiked Carapace
1 Impale
1 Death Knight
1 Unholy Aura
» actions
| Assign group hotkey | 29 | |
| Basic commands | 64 | |
| Build / train | 58 | |
| Enter build submenu | 15 | |
| Enter hero's abilities submenu | 12 | |
| Give item / drop item | 2 | |
| Right click | 633 | |
| Select / deselect | 218 | |
| Select group hotkey | 598 | |
| Use ability | 44 | |
1673 total
» units
| Peasant | 14 | |
| Footman | 4 | |
| Gryphon Rider | 10 | |
| Crypt Fiend | 3 | |
31 total
» upgrades
| Masonry | 3 | |
| Lumber Harvesting | 1 | |
| Storm Hammers | 1 | |
5 total
» buildings
| Altar of Kings | 1 | |
| Barracks | 1 | |
| Farm | 13 | |
| Lumber Mill | 2 | |
| Arcane Vault | 1 | |
| Keep | 2 | |
| Town Hall | 3 | |
| Castle | 1 | |
| Gryphon Aviary | 2 | |
26 total
» build order
00:23 Altar of Kings
00:39 Barracks
01:03 Farm
01:16 Farm
01:53 Farm
01:54 Farm
02:18 Lumber Mill
02:27 Arcane Vault
02:29 Lumber Mill
03:00 Farm
03:32 Keep
04:48 Town Hall
05:56 Castle
06:10 Gryphon Aviary
06:14 Gryphon Aviary
06:22 Farm
06:22 Farm
06:23 Farm
06:23 Farm
06:24 Farm
06:25 Farm
06:26 Farm
06:26 Farm
21:59 Town Hall
29:28 Town Hall
» items
| Scroll of Regeneration | 2 | |
| Staff of Teleportation | 1 | |
| Potion of Lesser Invulnerability | 1 | |
| Scroll of Town Portal | 1 | |
5 total
tlo_Otl (
teal | 73 APM | 1075 actions | 14:44)
4 Goblin Tinker
2 Pocket Factory
2 Engineering Upgrade
2 Pandaren Brewmaster
1 Breath of Fire
1 Drunken Haze
» actions
| Assign group hotkey | 27 | |
| Basic commands | 70 | |
| Build / train | 60 | |
| ESC pressed | 1 | |
| Enter build submenu | 22 | |
| Enter hero's abilities submenu | 6 | |
| Remove unit from queue | 1 | |
| Right click | 515 | |
| Select / deselect | 161 | |
| Select group hotkey | 162 | |
| Use ability | 50 | |
1075 total
» units
| Peasant | 9 | |
| Footman | 10 | |
| Rifleman | 6 | |
| Priest | 1 | |
26 total
» upgrades
| Long Rifles | 2 | |
| Defend | 1 | |
| Armor | 1 | |
4 total
» buildings
| Barracks | 2 | |
| Farm | 10 | |
| Altar of Kings | 1 | |
| Lumber Mill | 1 | |
| Scout Tower | 2 | |
| Guard Tower | 5 | |
| Arcane Vault | 1 | |
| Keep | 1 | |
| Blacksmith | 1 | |
| Arcane Sanctum | 2 | |
26 total
» build order
00:09 Barracks
00:28 Farm
01:04 Altar of Kings
01:08 Farm
01:31 Lumber Mill
01:40 Scout Tower
02:30 Barracks
02:34 Farm
02:52 Farm
03:07 Guard Tower
03:09 Scout Tower
04:18 Arcane Vault
04:41 Guard Tower
04:41 Guard Tower
04:41 Guard Tower
04:41 Guard Tower
05:09 Farm
05:37 Keep
07:31 Farm
07:33 Farm
07:36 Blacksmith
08:23 Farm
08:25 Arcane Sanctum
08:28 Arcane Sanctum
11:55 Farm
11:56 Farm
» items
| Scroll of Regeneration | 8 | |
| Lesser Clarity Potion | 6 | |
| Scroll of Town Portal | 1 | |
15 total

»
xBrutalityx (
red | 19 APM | 280 actions | 14:48)
3 Blademaster
1 Wind Walk
2 Critical Strike
» actions
| Build / train | 34 | |
| Enter build submenu | 10 | |
| Enter hero's abilities submenu | 3 | |
| Remove unit from queue | 2 | |
| Right click | 124 | |
| Select / deselect | 92 | |
| Use ability | 15 | |
280 total
» units
» upgrades
| Pillage | 1 | |
| Armor | 2 | |
| Berserker Strength | 1 | |
4 total
» buildings
| Altar of Storms | 1 | |
| Orc Burrow | 5 | |
| Barracks | 2 | |
| War Mill | 1 | |
| Stronghold | 1 | |
| Fortress | 1 | |
11 total
» build order
00:05 Altar of Storms
00:07 Orc Burrow
00:25 Barracks
02:48 Orc Burrow
03:49 Orc Burrow
04:34 War Mill
05:15 Stronghold
05:52 Orc Burrow
08:50 Fortress
09:25 Orc Burrow
09:27 Barracks
Chat log
(00:09 / All) SKYRIMOWNSOBLIV: stay
(00:21 / All) xBrutalityx: gg
(00:24 / All) MAK28: gg wp
(10:04 / Allies) MAK28: gold and wood please
(10:16 / Allies) MAK28: thanks
(10:38 / Allies) MAK28: I'm getting gryphs and green will stab. we've got this
(11:40 / All) tlo_Otl: you guys have an ally
(11:42 / All) tlo_Otl: pink is bsing
(11:47 / All) tlo_Otl: its 3v3 again!!!!!!!!!!!!!!!!!!!!!!!!!!1
(11:49 / Allies) MAK28: I know pink
(11:51 / Allies) MAK28: he is bsing for us
(12:39 / All) tlo_Otl: i gotta admit
(12:41 / All) SKYRIMOWNSOBLIV: STFU RED U NIGGER
(12:41 / All) tlo_Otl: i didn't see it comming
(13:06 / All) MAK28: neither did your mum, but she still enjoyed it
(13:13 / All) SKYRIMOWNSOBLIV: YES I AM I GOT 4.0 GPTA
(13:53 / All) tlo_Otl: needed those
(14:21 / All) SKYRIMOWNSOBLIV: NO U CANNOT LAWL
(14:43 / All) tlo_Otl: well let e know what happens
(14:45 / All) SKYRIMOWNSOBLIV: U CAN LEAVE TEAL
(14:49 / All) MAK28: owned
(14:56 / All) MAK28: let me come and own him now
(15:11 / All) NECROBLASTER666: stfu noob
(15:23 / All) MAK28: you got owned when half our team left
(15:28 / All) MAK28: you are in no position to call us noobs
(15:32 / All) NECROBLASTER666: yes
(15:47 / All) NECROBLASTER666: you win beacause of pink
(15:49 / All) MAK28: let me kill teal
(15:50 / All) NECROBLASTER666: stfu noob
(15:53 / All) MAK28: pink
(15:56 / All) SKYRIMOWNSOBLIV: GREEN I WILL LET U LIVE
(15:56 / All) MAK28: I know him green
(16:05 / All) SKYRIMOWNSOBLIV: IF YOU NAME ME ALL THE US PRESIDENTS IN ORDER
(16:14 / All) NECROBLASTER666: bye!
(16:17 / All) MAK28: cya
(16:25 / All) NECROBLASTER666: NOOBS
(16:27 / All) MAK28: let me kill teal
(16:30 / All) MAK28: I'm almost there
(20:34 / All) MAK28: nom nom nom
(20:58 / All) MAK28: that only gave me 1 level
(20:59 / All) MAK28: lawl
(25:17 / All) MAK28: yellow,
(25:19 / All) MAK28: GET THE FUCK OUT
(25:19 / All) MAK28: GET THE FUCK OUT
(25:22 / All) MAK28: GET THE FUCK OUT
(25:24 / All) MAK28: GET THE FUCK OUT
(25:26 / All) MAK28: GET THE FUCK OUT
(25:28 / All) MAK28: GET THE FUCK OUT
(25:33 / All) MAK28: GET THE FUCK OUT
(25:35 / Allies) mtldemolition: fuck you usa
(25:41 / All) MAK28: fuck you usa -yellow
(25:45 / All) MAK28: I'm scottish-canadian
(25:46 / All) MAK28: dumbfuck
(25:52 / All) MAK28: what are you, british?
(25:54 / All) MAK28: go hang yourself
(25:55 / All) MAK28: faggot
(25:57 / Allies) mtldemolition: separatist
(25:59 / All) MAK28: or are you brazilian?
(26:01 / Allies) mtldemolition: powers
(26:04 / All) MAK28: then go heuahheuaheuaheua elsewhere
(26:05 / All) MAK28: dumbfuck
(26:09 / All) MAK28: he says he's "separatist"
(26:10 / Allies) mtldemolition: quebec
(26:13 / All) MAK28: quebec
(26:15 / All) MAK28: get the fuck out
(26:17 / All) MAK28: french faggot
(26:23 / Allies) mtldemolition: gsp
(26:27 / All) MAK28: "gsp" - yellow
(26:35 / Allies) mtldemolition: king of french
(26:45 / All) MAK28: do you enjoy having 500 strip clubs on one street in quebec?
(26:51 / All) MAK28: it's good for lonely virgins like yourself
(27:03 / Allies) mtldemolition: beautiful girl
(28:27 / All) MAK28: hilarious how yellow thought I was a fat american
(28:38 / Allies) mtldemolition: lol
(28:40 / All) MAK28: he needs to go piss off and become independant, so we can genocide it as soon as it's seperate
(29:03 / All) SKYRIMOWNSOBLIV: everytime i hear the word genocide ia lways think of mass effect and the krogans
(29:04 / Allies) mtldemolition: french have nuclear weapon
(29:12 / All) MAK28: "french have nuclear weapon" -yellow
(29:23 / All) MAK28: nuclear weapons won't be fast enough to save you
(29:34 / Allies) mtldemolition: end of world
(29:41 / All) MAK28: that would imply you had any planes left before we killed and raped your shithole of a province
(29:43 / All) SKYRIMOWNSOBLIV: france sucks ass
(29:47 / All) MAK28: ^^^^
(30:05 / All) MAK28: knowing the french, quebec would surrender before they could do anything
(30:12 / All) MAK28: and bend over to let us rape their women and kill them later
(30:22 / Allies) mtldemolition: never surrender
(30:31 / All) MAK28: never surrender -yellow
(30:34 / All) MAK28: unless you're french
(30:47 / Allies) mtldemolition: 400 year old and north america
(30:56 / All) MAK28: 400 year old and north america -yellow
(31:01 / All) MAK28: finish your sentence
(31:02 / All) MAK28: dumbass
(31:06 / All) MAK28: and north america what?
(31:34 / All) SKYRIMOWNSOBLIV: isn't today a holiday for canada
(31:37 / All) SKYRIMOWNSOBLIV: thanksgiving day
(31:38 / All) MAK28: thanksgiving
(31:39 / All) MAK28: yes
(31:51 / All) MAK28: yellow's french ass loses
(31:53 / All) SKYRIMOWNSOBLIV: how is that different from usa's thanksgiving
(31:54 / All) MAK28: our stuff is all dead
(31:59 / All) MAK28: just a different date
(32:06 / All) MAK28: yellow, you mad?
(32:08 / All) MAK28: just surrender
(32:12 / All) SKYRIMOWNSOBLIV: u guys came from what country?
(32:14 / All) MAK28: like your entire historical nation
(32:21 / All) MAK28: bot right
(32:25 / All) MAK28: purp has useless shit
(32:55 / All) SKYRIMOWNSOBLIV: doesn't canada hate france or some shit
(32:57 / All) SKYRIMOWNSOBLIV: i would too
(32:58 / All) MAK28: yes
(33:02 / All) MAK28: everyone hates quebec
(33:04 / All) MAK28: except quebec
(33:12 / All) MAK28: the only place that hates canada is quebec
(33:13 / Allies) mtldemolition: i no
(33:17 / All) MAK28: i no -yellow
(33:23 / All) MAK28: he acknowledges that everyone hates him and his ilk
(33:36 / All) SKYRIMOWNSOBLIV: france is such a shitty country
(33:39 / All) MAK28: yes it is
(33:42 / All) MAK28: shithole of a nation
(33:45 / All) MAK28: not even a nation
(33:47 / All) MAK28: a trashcan
(34:04 / All) SKYRIMOWNSOBLIV: arent they going through civil war
(34:08 / All) MAK28: idk
(34:12 / Allies) mtldemolition: yes
(34:12 / All) MAK28: hopefully
(34:15 / All) MAK28: that way they all die
(34:18 / All) MAK28: maximum causalties
(34:23 / Allies) mtldemolition: 2012 come
(34:26 / All) MAK28: those faggots should choke on their own cocks
(34:29 / All) MAK28: 2012 come -yellow
(34:48 / All) MAK28: oh no not that pheasant!
(35:30 / All) MAK28: do you enjoy living in a trashcan, yellow?
(35:33 / Allies) mtldemolition: bye fag
(35:34 / All) MAK28: and being bad at wc3?
(35:37 / All) MAK28: bye fag -yellow
(35:40 / All) MAK28: gtfo french negro
(35:43 / All) MAK28: go surrender
(35:49 / All) MAK28: raped
(35:50 / All) SKYRIMOWNSOBLIV: nice
(35:53 / All) SKYRIMOWNSOBLIV: who loses?
(35:56 / All) MAK28: my team
(36:02 / All) MAK28: it has a french guy